 Dungeon Crawl Stone Soup version 0.29.1-1-gd02db6906a (webtiles) character file.

Game seed: 14315347679591043547

437 safid the Skirmisher (level 6, -1/51 HPs)
             Began as a Minotaur Hunter on Oct 3, 2022.
             Slain by a gnoll
             ... wielding a +0 spear
             ... led by a gnoll bouda
              (9 damage)
             ... on level 4 of the Dungeon.
             The game lasted 00:07:13 (5358 turns).

safid the Skirmisher (Minotaur Hunter)              Turns: 5358, Time: 00:07:13

Health: -1/51      AC:  3    Str: 16    XL:     6   Next: 69%
Magic:  5/5        EV: 12    Int:  6    God:
Gold:   266        SH:  0    Dex: 15    Spells: 5/5 levels left

rFire   . . .      SeeInvis +   a - +0 shortbow
rCold   . . .      Faith    .   (shield currently unavailable)
rNeg    . . .      Spirit   .   c - +0 leather armour
rPois   .          Reflect  .   (helmet restricted)
rElec   .          Harm     .   (no cloak)
rCorr   .          Rampage  .   (no gloves)
Will    .....                   (no boots)
Stlth   +.........              (no amulet)
HPRegen 0.17/turn               v - ring of see invisible
MPRegen 0.09/turn               (no ring)

@: no status effects
A: horns 2, retaliatory headbutt
a: no special abilities


You were on level 4 of the Dungeon.
You visited 1 branch of the dungeon, and saw 4 of its levels.

You collected 266 gold pieces.

Inventory:

Hand Weapons
 a - a +0 shortbow (weapon)
 n - the +8 mace of Tartarus {elec, rPois rC+ rN+}
   (You found it on level 2 of the Dungeon)

   It occasionally discharges a powerful burst of electricity upon striking a
   foe.
   rC:        It protects you from cold.
   rPois:     It protects you from poison.
   rN:        It protects you from negative energy.
Missiles
 h - 6 curare-tipped darts
Armour
 c - a +0 leather armour (worn)
Jewellery
 v - a ring of see invisible (left hand)
Wands
 x - a wand of flame (11)
Scrolls
 b - 2 scrolls of immolation
 g - 3 scrolls of identify
 j - 2 scrolls of fear {unknown}
 l - a scroll of blinking
 m - a scroll of teleportation {unknown}
 q - 4 scrolls of magic mapping
 s - a scroll of noise {unknown}
 t - 2 scrolls of fog {unknown}
 w - a scroll of enchant armour {unknown}
Potions
 d - 3 potions of degeneration {unknown}
 e - 3 potions of berserk rage {unknown}
 f - 3 potions of attraction {unknown}
 i - a potion of resistance {unknown}
 k - 3 potions of heal wounds {unknown}
 o - a potion of curing {unknown}
 p - a potion of invisibility {unknown}
 r - a potion of lignification {unknown}
 u - a potion of mutation {unknown}


   Skills:
 - Level 3.0 Fighting
 + Level 8.8 Ranged Weapons
 - Level 2.1 Dodging
 - Level 0.7 Stealth


You had 5 spell levels left.
You didn't know any spells.
Your spell library contained the following spells:

 Spells                   Type           Power      Damage    Failure   Level
 Summon Small Mammal      Summ           0%         N/A       52%         1
 Blink                    Tloc           0%         N/A       67%         2
 Ensorcelled Hibernation  Hex/Ice        0%         N/A       67%         2
 Call Canine Familiar     Summ           0%         N/A       88%         3
 Gell's Gravitas          Tloc           0%         N/A       88%         3
 Spider Form              Tmut/Pois      0%         N/A       88%         3
 Stone Arrow              Conj/Erth      0%         3d7       88%         3
 Summon Guardian Golem    Hex/Summ       0%         N/A       88%         3
 Teleport Other           Tloc           0%         N/A       88%         3
 Anguish                  Hex/Necr       0%         N/A       99%         4
 Animate Armour           Summ/Erth      0%         N/A       99%         4
 Manifold Assault         Tloc           0%         N/A       100%        5
 Dispersal                Tloc           0%         N/A       100%        6
 Storm Form               Tmut/Air       0%         N/A       100%        7
 Lehudib's Crystal Spear  Conj/Erth      0%         10d2      100%        8


Dungeon Overview and Level Annotations

Branches:
Dungeon (4/15)
 Temple: D:4-7

Altars:
Gozag
Xom


Innate Abilities, Weirdness & Mutations

You have a pair of horns on your head.
You reflexively headbutt those who attack you in melee.


Message History

You are too injured to fight recklessly!
You are too injured to fight recklessly!
You are too injured to fight recklessly!
You are too injured to fight recklessly!
You are too injured to fight recklessly!
You are too injured to fight recklessly!
You are too injured to fight recklessly!
You are too injured to fight recklessly!
You are too injured to fight recklessly!
Fire: a) +0 shortbow
Press: ? - help, Q - select action, (/) - cycle Shift-Dir - straight line, f/p - gnoll
Aim: a gnoll, wielding a +0 spear (severely wounded, 68% to hit)
You shoot an arrow. The arrow barely misses the gnoll.
The gnoll hits you but does no damage.
Unknown command.
Fire: a) +0 shortbow
Press: ? - help, Q - select action, (/) - cycle Shift-Dir - straight line, f/p - gnoll
Aim: a gnoll, wielding a +0 spear (severely wounded, 68% to hit)
You shoot an arrow.
The arrow hits the gnoll but does no damage.
The gnoll is severely wounded.
The gnoll hits you from afar with a +0 spear.
Fire: a) +0 shortbow
Press: ? - help, Q - select action, (/) - cycle Shift-Dir - straight line, f/p - gnoll
Aim: a gnoll, wielding a +0 spear (severely wounded, 68% to hit)
You shoot an arrow. The arrow closely misses the gnoll.
The gnoll hits you from afar with a +0 spear.
* * * LOW HITPOINT WARNING * * *
Fire: a) +0 shortbow
Press: ? - help, Q - select action, (/) - cycle Shift-Dir - straight line, f/p - gnoll
Aim: a gnoll, wielding a +0 spear (severely wounded, 68% to hit)
You shoot an arrow. The arrow barely misses the gnoll.
The gnoll hits you from afar with a +0 spear.
* * * LOW HITPOINT WARNING * * *
Fire: a) +0 shortbow
Press: ? - help, Q - select action, (/) - cycle Shift-Dir - straight line, f/p - gnoll
Aim: a gnoll, wielding a +0 spear (severely wounded, 68% to hit)
You shoot an arrow. The arrow closely misses the gnoll.
The gnoll hits you from afar with a +0 spear!
You die...

.#........)###...................
.#.......###............####.....
.#)....###...###........# #.....
.#.........###..........# ####+#
##.......###............# #.#
#.....###).............# #..
#####....###...g........# ### ..#
###....###..........# # #.#
#......###@.......# #
#.#######...............# #
.......##...............# #
#.####.###.#########'#### #
#......# #.#.....# #.# #
##########.#.#...# #.# #
#....#...#.#.#.#####.# #
##.....#.#.#.#.......# #
####.###.#.#.######### #


You could see a gnoll.

Vanquished Creatures
  A scorpion (D:4)
  A gnoll bouda (D:4)
  An orc wizard (D:3)
  Natasha (thrice) (D:4)
  5 gnolls
  10 adders
  An ufetubus (D:4)
  2 worms (D:2)
  2 dart slugs
  9 orcs
  7 bats
  5 endoplasms
  5 giant cockroaches
  6 goblins
  7 hobgoblins
  4 jackals (D:2)
  A quokka (D:4)
  6 ball pythons
  4 frilled lizards
  8 kobolds
  9 rats
97 creatures vanquished.

Vanquished Creatures (others)
  12 plants (D:3)
12 creatures vanquished.

Grand Total: 109 creatures vanquished

Notes
Turn   | Place    | Note
-------+----------+-------------------------------------------
     0 | D:1      | safid the Minotaur Hunter began the quest for the Orb.
     0 | D:1      | Reached XP level 1. HP: 18/18 MP: 0/0
   194 | D:1      | Reached XP level 2. HP: 26/26 MP: 1/1
   271 | D:1      | Reached skill level 5 in Ranged Weapons
   772 | D:2      | Reached XP level 3. HP: 30/31 MP: 2/2
   801 | D:2      | Found a shimmering altar of Xom.
   851 | D:2      | Identified the +8 mace of Tartarus {elec, rPois rC+ rN+}
  1065 | D:2      | Found a faded altar of an unknown god.
  1117 | D:2      | Reached skill level 6 in Ranged Weapons
  1117 | D:2      | Reached XP level 4. HP: 36/38 MP: 3/3
  2142 | D:3      | Reached XP level 5. HP: 33/45 MP: 4/4
  2244 | D:3      | Reached skill level 7 in Ranged Weapons
  3331 | D:4      | Found an opulent altar of Gozag.
  3343 | D:4      | Reached XP level 6. HP: 24/51 MP: 5/5
  3564 | D:4      | Reached skill level 8 in Ranged Weapons
  3567 | D:4      | Noticed Natasha
  3573 | D:4      | Killed Natasha
  3672 | D:4      | Noticed Natasha
  3680 | D:4      | Killed Natasha
  3914 | D:4      | Noticed Natasha
  5237 | D:4      | Killed Natasha
  5358 | D:4      | Slain by a gnoll

Illustrated notes

Levels and vault maps discovered:
D:1:      nzn_arrival_water_spiral, layout_basic, kennysheep_minor_cross,
          amethyst_killhole, chequers_serial_rivers_micro_e, st_stairs_5
D:2:      layout_loops_corners, shapermc_ecumenical_altar_flowoftime,
          basic_altar, minmay_tall_x
D:3:      layout_basic, serial_bayou, serial_bayou_crossing,
          serial_bayou_pond_b, serial_bayou_pond_b, serial_bayou_pond_e
D:4:      layout_basic, mainiacjoe_overflow_paths, minmay_unequal, uniq_natasha

Skill      XL: |  1  2  3  4  5  6 |
---------------+-------------------+-----
Fighting       | 3 |  3.0
Ranged Weapons | 5 6 7 8 |  8.8
Dodging        | |  2.1
Stealth        | |  0.7

Action                   |  1- 3 |  4- 6 || total
-------------------------+-------+-------++-------
 Fire: Shortbow          |    85 |   217 ||   302
  Use: Scroll            |       |     2 ||     2
Armor: Leather armour    |    13 |    28 ||    41
Dodge: Dodged            |    19 |    64 ||    83
